 Dungeon Crawl Stone Soup version 0.28-a0-1206-g193881aaa2 (webtiles) character file.

Game seed: 956295885137932617

29 Zonian the Bolt Thrower (level 3, -4/28 HPs)
             Began as a Gnoll Wanderer on Dec 21, 2021.
             Slain by Terence (6 damage)
             ... on level 2 of the Dungeon.
             The game lasted 00:01:50 (878 turns).

Zonian the Bolt Thrower (Gnoll Wanderer)             Turns: 878, Time: 00:01:51

Health: -4/28      AC:  3    Str: 11    XL:     3   Next: 16%
Magic:  7/7        EV: 11    Int: 12    God:
Gold:   27         SH:  4    Dex: 12    Spells: 7/7 levels left

rFire   . . .      SeeInvis .   a - +0 hand crossbow (vorpal)
rCold   . . .      Faith    .   c - +0 buckler
rNeg    . . .      Spirit   .   d - +0 robe
rPois   .          Reflect  .   (no helmet)
rElec   .          Harm     .   f - +0 cloak
rCorr   .          Rampage  .   (no gloves)
Will    .....                   (no boots)
Stlth   ++........              (no amulet)
HPRegen 0.09/turn               (no ring)
MPRegen 0.10/turn               (no ring)

@: no status effects
A: fangs 1, strong nose, distributed training
a: no special abilities


You were on level 2 of the Dungeon.
You visited 1 branch of the dungeon, and saw 2 of its levels.

You collected 27 gold pieces.

Inventory:

Hand Weapons
 a - a +0 vorpal hand crossbow (weapon)
Missiles
 b - 16 bolts (quivered ammo)
 j - 6 javelins
Armour
 c - a +0 buckler (worn)
 d - a +0 robe (worn)
 e - a +1 ring mail of positive energy
 f - a +0 cloak (worn)
Magical Staves
 g - a staff of cold
Scrolls
 k - a scroll of identify {unknown}
 l - a scroll of acquirement {unknown}
Potions
 h - a potion of lignification {unknown}
 i - 2 potions of curing {unknown}


   Skills:
 + Level 2.5 Fighting
 + Level 0.6 Short Blades
 + Level 0.6 Long Blades
 + Level 0.6 Axes
 + Level 0.6 Maces & Flails
 + Level 0.6 Polearms
 + Level 0.6 Staves
 + Level 0.6 Slings
 + Level 0.6 Bows
 + Level 6.5 Crossbows
 + Level 0.6 Throwing
 + Level 0.6 Armour
 + Level 0.6 Dodging
 + Level 2.3 Stealth
 + Level 2.5 Shields
 + Level 0.6 Unarmed Combat
 + Level 2.8 Spellcasting
 + Level 0.4 Conjurations
 + Level 0.4 Hexes
 + Level 0.4 Summonings
 + Level 0.4 Necromancy
 + Level 0.4 Translocations
 + Level 5.4 Transmutations
 + Level 0.4 Fire Magic
 + Level 0.4 Ice Magic
 + Level 0.4 Air Magic
 + Level 0.4 Earth Magic
 + Level 0.4 Poison Magic
 + Level 0.8 Invocations
 + Level 0.6 Evocations


You had 7 spell levels left.
You didn't know any spells.
Your spell library contained the following spells:

 Spells                   Type           Power      Damage    Failure   Level
 Wereblood                Tmut           14%        N/A       4%          2
 Passwall                 Tmut/Erth      6%         N/A       14%         2


Dungeon Overview and Level Annotations

Branches:
Dungeon (2/15)

Altars:

Annotations:
D:2 Terence


Innate Abilities, Weirdness & Mutations

You have very sharp teeth.
Your uncanny sense of smell can sniff out nearby items.
Your experience applies equally to all skills.


Message History

You shoot a bolt. The bolt hits Terence.
Terence shouts!
Terence is moderately wounded.
Terence says, "How do you enjoy it?"
You shoot a bolt.
The bolt hits Terence but does no damage.
Terence is moderately wounded.
You shoot a bolt. The bolt completely misses Terence.
Terence closely misses you.
You shoot a bolt. The bolt hits Terence.
Terence is moderately wounded.
Terence hits you from afar with a +0 trident!
You shoot a bolt.
The bolt hits Terence but does no damage.
Terence is moderately wounded.
Terence barely misses you.
You shoot a bolt.
The bolt hits Terence but does no damage.
Terence is moderately wounded.
Terence hits you from afar with a +0 trident!
Terence hits you from afar with a +0 trident.
You are too injured to fight recklessly!
You are too injured to fight recklessly!
You are too injured to fight recklessly!
Unknown command.
You don't know any spells.
Unknown command.
Unknown command.
Unknown command.
Fire: 17 bolts
Press: ? - help, Q - select action, (/) - cycle Shift-Dir - straight line, f/p - Terence
Aim: Terence, wielding a +0 trident and wearing a +0 chain mail (moderately wounded, 72% to hit)
You shoot a bolt. The bolt barely misses Terence.
Terence hits you from afar with a +0 trident!
* * * LOW HITPOINT WARNING * * *
Okay, then.
There is an open door here.
There is a stone staircase leading up here.
Terence hits you from afar with a +0 trident.
You die...

#@..8...#
##..###..# ∆
#####'###.# #+ .
#......##.## ..
#......#.....##.#
+......+.......>#
#......##.@..##.#
###.... ##...#
##### #@..# #...#
#...# #..## ∆
#..# #..# ∆ ....
##..


You could see Terence.

Vanquished Creatures
  7 endoplasms
  3 goblins (D:1)
  5 hobgoblins (D:1)
  2 jackals (D:1)
  A kobold (D:1)
  A quokka (D:1)
  A ball python (D:1)
  3 rats (D:1)
23 creatures vanquished.

Notes
Turn   | Place    | Note
-------+----------+-------------------------------------------
     0 | D:1      | Zonian the Gnoll Wanderer began the quest for the Orb.
     0 | D:1      | Zonian set off with the following items: a +0 vorpal hand
                  | crossbow, 29 bolts, a +0 buckler, a +0 robe; and the
                  | following spells available to memorise: Wereblood, Passwall
     0 | D:1      | Reached XP level 1. HP: 17/17 MP: 4/4
    36 | D:1      | Reached XP level 2. HP: 18/23 MP: 5/5
   574 | D:1      | Reached XP level 3. HP: 28/28 MP: 7/7
   856 | D:2      | Found a faded altar of an unknown god.
   859 | D:2      | Noticed Terence
   868 | D:2      | HP: 1/28 [Terence (10)]
   878 | D:2      | Slain by Terence

Illustrated notes

Levels and vault maps discovered:
D:1:      pf_arrival_petrified_forest, layout_loops_ring
D:2:      minmay_diamond_boxcup, layout_basic,
          hellmonk_ecumenical_altar_slurped_away, uniq_terence, uniq_natasha

Action                   || total
-------------------------++-------
 Fire: Hand crossbow     ||    44
  Use: Scroll            ||     1
Armor: Robe              ||     1
Dodge: Dodged            ||     4

Table legend: (Time is in decaauts)
 A = Elapsed time spent in this place.
 B = Non-inter-level travel time spent in this place.
 C = Inter-level travel time spent in this place.
 D = Time resting spent in this place.
 E = Time spent auto-exploring this place.
 F = Levels seen in this place.
 G = Mean time per level.
                   A        B        C        D        E       F      G
               +--------+--------+--------+--------+--------+-----+--------+
         Total |    887 |    878 |      9 |      0 |    715 |   2 |  443.5 |
       Dungeon |    887 |    878 |      9 |      0 |    715 |   2 |  443.5 |
               +--------+--------+--------+--------+--------+-----+--------+

Top non-repeatable levels by time:
     D:1: 855 daAuts
     D:2: 31 daAuts
